 Dungeon Crawl Stone Soup version 0.32-a0-290-g598725c5f2 (webtiles) character file.

Game seed: 2060207880864487586

1719941 Daunt the Messiah (level 27, 273/273 HPs)
             Began as a Mountain Dwarf Fighter on Feb 13, 2024.
             Was the Champion of Beogh.
             Escaped with the Orb
             ... and 3 runes on Feb 14, 2024!
             The game lasted 08:33:04 (69852 turns).

Daunt the Messiah (Mountain Dwarf Fighter)         Turns: 69852, Time: 08:33:04

Health: 273/273    AC: 42    Str: 28 (31) XL:     27
Magic:  36/36      EV: 22    Int:  8 (14) God:    Beogh [******]
Gold:   1961       SH:  9    Dex: 11 (14) Spells: 13/40 levels left

rFire   + + .        a - +9 broad axe (heavy)
rCold   + + .        u - +2 buckler {AC+3}
rNeg    + + .        A - +10 storm dragon scales of Theory {Rampage rElec rF+ rC+ rN+}
rPois   +            v - +2 helmet {Int+3}
rElec   +            h - +2 cloak {rCorr}
rCorr   +            V - +2 pair of gloves {hurl}
SInv    .            U - +2 pair of boots of the Nexus {^Contam rC+ Dex+2}
Will    +++..        O - amulet of Vitality {RegenMP++ Regen++} Stlth
                     f - ring of the Hare {EV+10}
HPRegen 2.25/turn    i - ring "Sufrikhlo" {rPois rF+ rN+ Will+ Dex+3}
MPRegen 1.05/turn

%: rampage
@: hasted, studying 2 skills, very quick
A: walk on water, runic magic, artefact enchanting, deformed body, low MP 1
0: Orb of Zot
}: 3/15 runes: barnacled, slimy, gossamer
a: Renounce Religion, Smiting, Recall Apostles, Blood for Blood, Dismiss Okrist,
warrior, Dismiss Gorbash, priest, Dismiss Warbeogh, priest


You escaped.
You worshipped Beogh.
Beogh was exalted by your worship.
You visited 10 branches of the dungeon, and saw 51 of its levels.
You visited 1 bazaar.
You also visited: Trove, Ossuary, Gauntlet, Ice Cave and Wizlab.

You collected 7506 gold pieces.
You spent 5545 gold pieces at shops.

Inventory:

Hand Weapons
 a - a +9 heavy broad axe (weapon)
Missiles
 q - 11 throwing nets
 N - 78 poisoned darts (quivered)
 Y - 9 curare-tipped darts
Armour
 c - a +2 hat of willpower
 h - a +2 cloak of preservation (worn)
 u - a +2 buckler of protection (worn)
 v - a +2 helmet of intelligence (worn)
 A - the +10 storm dragon scales of Theory (worn) {Rampage rElec rF+ rC+ rN+}
   (You found it on level 5 of the Pits of Slime)

   rF+:       It protects you from fire.
   rC+:       It protects you from cold.
   rElec:     It insulates you from electricity.
   rN+:       It protects you from negative energy.
   Rampage:   It bestows one free step when moving towards enemies.
 U - the +2 pair of boots of the Nexus (worn) {^Contam rC+ Dex+2}
   (You found it on level 2 of the Lair of Beasts)

   Dex+2:     It affects your dexterity (+2).
   rC+:       It protects you from cold.
   ^Contam:   It causes magical contamination when unequipped.
 V - a +2 pair of gloves of hurling (worn)
Jewellery
 f - the ring of the Hare (left hand) {EV+10}
   (You took it off a minotaur in a Gauntlet)

   [ring of evasion]

   EV+10:     It affects your evasion (+10).
 i - the ring "Sufrikhlo" (right hand) {rPois rF+ rN+ Will+ Dex+3}
   (You found it on level 3 of the Elven Halls)

   [ring of positive energy]

   Dex+3:     It affects your dexterity (+3).
   rF+:       It protects you from fire.
   rPois:     It protects you from poison rN+: It protects you from negative
   energy.
   Will+:     It increases your willpower.
 n - a +6 ring of intelligence
 I - a ring of see invisible
 O - the amulet of Vitality (around neck) {RegenMP++ Regen++}
   (You found it on level 5 of the Pits of Slime)

   [amulet of magic regeneration]

   RegenMP:   It increases your rate of magic regeneration.
   Regen++:   It increases your rate of health regeneration.
Wands
 p - a wand of acid (10)
 C - a wand of charming (39)
 K - a wand of mindburst (10)
 L - a wand of digging (39)
 Q - a wand of polymorph (17)
 S - a wand of roots (46)
Scrolls
 d - 15 scrolls of teleportation
 m - a scroll of revelation
 r - 6 scrolls of blinking
 t - a scroll of brand weapon
 B - 3 scrolls of fog
 E - 2 scrolls of enchant weapon
 F - 4 scrolls of summoning
 G - 9 scrolls of vulnerability
 P - 9 scrolls of fear
 X - 3 scrolls of silence
 Z - 9 scrolls of immolation
Potions
 b - 13 potions of heal wounds
 e - 12 potions of enlightenment
 j - 6 potions of lignification
 k - 7 potions of might
 s - 3 potions of ambrosia
 w - 4 potions of resistance
 x - 4 potions of haste
 y - 3 potions of cancellation
 z - 8 potions of magic
 H - 18 potions of curing
 J - 12 potions of attraction
 R - 9 potions of mutation
 W - 5 potions of invisibility
Miscellaneous
 g - a phantom mirror
 l - a phial of floods
 o - a condenser vane
 D - a sack of spiders
 M - a lightning rod (4/4)


   Skills:
 O Level 27 Fighting
 + Level 16.3(18.3) Axes
 - Level 14.0(17.1) Maces & Flails
 - Level 5.0 Throwing
 + Level 19.8 Armour
 + Level 7.8 Dodging
 - Level 15.0 Shields
 - Level 7.0 Spellcasting
 - Level 9.0 Summonings
 + Level 10.4 Translocations
 - Level 7.0 Air Magic
 - Level 10.0 Earth Magic
 O Level 27 Invocations
 - Level 9.5 Evocations


You had 13 spell levels left.
You knew the following spells:

 Your Spells              Type           Power      Damage    Failure   Level
b - Blink                 Tloc           38%        N/A       1%          2
g - Passage of Golubria   Tloc           19%        N/A       4%          4
l - Lesser Beckoning      Tloc           38%        N/A       1%          2
m - Manifold Assault      Tloc           19%        N/A       4%          4
n - Animate Armour        Summ/Erth      36%        N/A       6%          4
p - Passwall              Erth           18%        N/A       1%          3
s - Swiftness             Air            14%        N/A       4%          3
v - Vhi's Electric Charg  Tloc/Air       32%        N/A       9%          4
z - Apportation           Tloc           38%        N/A       1%          1

Your spell library contained the following spells:

 Spells                   Type           Power      Damage    Failure   Level
 Sandblast                Erth           36%        2d10      1%          1
 Summon Small Mammal      Summ           68%        N/A       1%          1
 Call Imp                 Summ           34%        N/A       1%          2
 Gell's Gravitas          Tloc           19%        N/A       1%          3
 Teleport Other           Tloc           19%        N/A       1%          3
 Call Canine Familiar     Summ           17%        N/A       2%          3
 Momentum Strike          Conj/Tloc      22%        3d8       5%          2
 Static Discharge         Conj/Air       16%        3-4/arc   11%         2
 Volatile Blastmotes      Fire/Tloc      22%        2d11      11%         3
 Summon Lightning Spire   Summ/Air       15%        N/A       11%         4
 Stone Arrow              Conj/Erth      20%        3d8       12%         3
 Summon Ice Beast         Ice/Summ       10%        N/A       14%         3
 Summon Forest            Summ/Tloc      9%         N/A       16%         5
 Airstrike                Air            7%         2d(1-17)  17%         4
 Cigotuvi's Dreadful Rot  Necr/Alch/Air  12%        N/A       19%         2
 Foxfire                  Conj/Fire      8%         2x1d4     30%         1
 Kiss of Death            Conj/Necr      8%         2d6       30%         1
 Magic Dart               Conj           8%         1d3       30%         1
 Slow                     Hex            8%         N/A       30%         1
 Sting                    Conj/Alch      8%         1d3       30%         1
 Mephitic Cloud           Conj/Alch/Air  6%         N/A       34%         3
 Dimensional Bullseye     Hex/Tloc       5%         N/A       34%         4
 Brom's Barrelling Bould  Conj/Erth      10%        2d3       36%         4
 Leda's Liquefaction      Alch/Erth      5%         N/A       36%         4
 Petrify                  Alch/Erth      10%        N/A       36%         4
 Ensorcelled Hibernation  Hex/Ice        4%         N/A       41%         2
 Jinxbite                 Hex            4%         N/A       41%         2
 Scorch                   Fire           4%         2d5       41%         2
 Martyr's Knell           Necr/Summ      10%        N/A       43%         4
 Dispersal                Tloc           9%         N/A       54%         6
 Confusing Touch          Hex            2%         N/A       65%         3
 Dazzling Flash           Conj/Hex       4%         N/A       65%         3
 Frozen Ramparts          Ice            4%         1d1       65%         3
 Hailstorm                Conj/Ice       2%         3d5       65%         3
 Inner Flame              Hex/Fire       2%         N/A       65%         3
 Sigil of Binding         Hex            2%         N/A       65%         3
 Vampiric Draining        Necr           2%         2d6       65%         3
 Summon Cactus Giant      Summ           8%         N/A       75%         6
 Summon Mana Viper        Hex/Summ       10%        N/A       78%         5
 Arcjolt                  Conj/Air       4%         1d14      89%         5
 Silence                  Hex/Air        4%         N/A       89%         5
 Anguish                  Hex/Necr       1%         N/A       96%         4
 Cause Fear               Hex            1%         N/A       96%         4
 Dispel Undead            Necr           2%         3d7       96%         4
 Flame Wave               Conj/Fire      2%         2d4       96%         4
 Fulminant Prism          Conj/Alch      1%         3d5       96%         4
 Ignite Poison            Fire/Alch      2%         N/A       96%         4
 Sticky Flame             Fire/Alch      2%         2d4       96%         4
 Freezing Cloud           Conj/Ice/Air   3%         6-21      97%         5
 Bombard                  Conj/Erth      5%         9d2       99%         6
 Malign Gateway           Summ/Tloc      9%         N/A       99%         7
 Alistair's Intoxication  Alch           1%         N/A       100%        5
 Curse of Agony           Necr           2%         N/A       100%        5
 Fireball                 Conj/Fire      1%         3d3       100%        5
 Irradiate                Conj/Alch      1%         3d12      100%        5
 Iskenderun's Battlesphe  Conj           2%         2d6       100%        5
 Metabolic Englaciation   Hex/Ice        1%         N/A       100%        5
 Conjure Ball Lightning   Conj/Air       4%         3x3d6     100%        6
 Death Channel            Necr           1%         N/A       100%        6
 Eringya's Noxious Bog    Alch           1%         4d6       100%        6
 Plasma Beam              Fire/Air       4%         2x1d14    100%        6
 Sculpt Simulacrum        Ice/Alch       1%         N/A       100%        6
 Starburst                Conj/Fire      1%         6d3       100%        6
 Enfeeble                 Hex            1%         N/A       100%        7
 Orb of Destruction       Conj           1%         9d5       100%        7
 Ozocubu's Refrigeration  Ice            1%         4d7       100%        7
 Ignition                 Fire           1%         3d3       100%        8
 Lehudib's Crystal Spear  Conj/Erth      5%         10d3      100%        8
 Maxwell's Capacitive Co  Air            7%         ∞         100%        8
 Dragon's Call            Summ           8%         N/A       100%        9
 Fire Storm               Conj/Fire      1%         7d1       100%        9
 Polar Vortex             Ice            1%         N/A       100%        9
 Shatter                  Erth           9%         3d11*     100%        9


Dungeon Overview and Level Annotations

Branches:
Dungeon (15/15)            Temple (0/1) D:7            Lair (5/5) D:11
 Shoals (4/4) Lair:2       Spider (4/4) Lair:3        Slime (5/5) Lair:4
    Orc (2/2) D:9             Elf (3/3) Orc:2        Vaults (4/5) D:14
  Crypt (0/3) Vaults:2     Depths (4/4) D:15            Zot (5/5) Depths:4
Ossuary (visited)           IceCv (visited)          WizLab (visited)
Gauntlet (visited)

Altars:
Ashenzari
Cheibriados
Dithmenos
Elyvilon
Fedhas
Gozag
Makhleb
Qazlal
Sif Muna
Trog
Uskayaw
Vehumet
Wu Jian
Yredelemnul
The Shining One
Beogh
Jiyva
Lugonu

Shops:
D:5 (   D:14 (   Orc:2 [[!?   Elf:1 =   Elf:2 ?!!   Shoals:2 *   Vaults:1 [*

Portals:
Hell: Depths:1 Depths:2 Depths:3 Depths:4
Abyss: Depths:3 Depths:4
Pandemonium: Depths:2 Depths:4
Ziggurat: Depths:2

Annotations:
D:5 shop
Zot:1 exclusion: downstairs
Zot:2 exclusions: orb of fire and upstairs
Zot:3 2 transporters
Zot:5 exclusions: electric golem and 3 more exclusions


Innate Abilities, Weirdness & Mutations

You can walk on water.
Your facial features are unmistakably orcish.
Your spellcasting is much less encumbered by armour.
You can use scrolls of enchantment on lesser artefacts.
Armour fits poorly on your strangely shaped body.
Your magical capacity is low. (-10% MP)


Message History

HP restored.
Things that are here:
a +0 dagger; a goblin skeleton An Executioner and a large abomination come into view.
A large abomination comes into view.
You feel yourself speed up.
You slice the large abomination!!
The large abomination is severely damaged.
You cut the large abomination into ribbons!!!
You destroy the large abomination!
Beogh accepts your kill.
You cut the Executioner into ribbons!!!!
You kill the Executioner!
Beogh accepts your kill.
You hit the large abomination.
The large abomination is lightly damaged.
The large abomination closely misses you.
You slice the large abomination!!
The large abomination is heavily damaged.
You slash the large abomination!
The large abomination is severely damaged.
You block the large abomination's attack.
You carve the large abomination like a ham!!!
You destroy the large abomination!
Beogh accepts your kill.
No target in view!
No target in view!
Aiming: Dig
Press: ? - help, Shift-Dir - straight line, f - you Please select a direction to dig.
This square is covered in magical glow.
The rock shatters into small pieces. 2 large abominations come into view.
A large abomination comes into view.
An Executioner comes into view.
There is a staircase leading out of the dungeon here.
The Executioner gives a hideous shriek!
The Executioner gestures.
The Executioner seems to speed up.
You have escaped!

#####.............##
###.......#######.....
##..1...###.......###..
#....###.............##
##...#......#######.....
#...#.....### ###...
#...#..X.## #.#..
#...#..XX## #...
#...#..@..### ###...
##...#......#######.....
#....###.............##
##......###.......###..
###.......#######.....
#####.........÷...##
#######.########
#......... ##########


You could see an Executioner (fast) and 3 large abominations.

Vanquished Creatures
  2 dread liches (Zot:5)
  Mara (Shoals:4)
  2 orbs of fire (Zot:5)
  Bai Suzhen (Shoals:4)
  Sojobo (Depths:1)
  5 Killer Klowns
  3 curse toes
  A caustic shrike (Depths:2)
  Nikola (Spider:4)
  5 golden dragons
  Norris (Depths:2)
  An electric golem (Zot:5)
  10 tentacled monstrosities
  Jorgrun (Spider:2)
  19 Orb Guardians
  Mlioglotl (Spider:2)
  2 deep elf master archers (Elf:3)
  2 liches (Depths:3)
  7 acid blobs (Slime:5)
  2 deep elf blademasters (Elf:3)
  3 sphinxes
  Polyphemus (Shoals:3)
  A titan (Depths:3)
  An Executioner (D:1)
  A quicksilver dragon (Zot:4)
  Gastronok (Lair:3)
  10 death cobs
  A kraken (Shoals:4)
  9 storm dragons
  Donald (Orc:2)
  Aizul (Spider:2)
  7 shadow dragons
  A tengu reaver (Vaults:4)
  8 protean progenitors
  4 azure jellies (Slime:5)
  5 draconian monks
  Agnes (D:14)
  3 draconian knights
  9 frost giants
  5 rockslimes
  An iron dragon (Depths:2)
  2 emperor scorpions (Spider:4)
  7 draconian shifters
  10 vault wardens
  5 fire giants
  2 deep elf sorcerers (Elf:3)
  A balrug (Depths:1)
  2 draconian scorchers (Zot:2)
  5 draconian stormcallers
  4 ghost moths
  An orc warlord (Vaults:4)
  A curse skull (Vaults:2)
  A deep elf elementalist (Depths:2)
  9 ironbound preservers
  6 quicksilver oozes
  6 very ugly things
  7 stone giants
  A spriggan defender (Depths:2)
  7 formless jellyfish
  5 broodmothers
  7 draconian annihilators
  6 ironbound thunderhulks
  3 vampire knights
  9 dire elephants
  9 black draconians
  6 green draconians
  3 deep elf demonologists
  4 deep elf death magi
  A war gargoyle (Vaults:2)
  16 yellow draconians
  A minotaur (Gauntlet)
  2 bunyips (Zot:1)
  11 red draconians
  3 spark wasps
  3 deep elf annihilators (Elf:3)
  10 white draconians
  9 purple draconians
  2 ettins
  A crystal guardian (Vaults:2)
  3 merfolk impalers
  5 merfolk javelineers
  A green death (Zot:3)
  A mummy priest (WizLab)
  A quicksilver dragon zombie (D:15)
  3 entropy weavers
  3 fire dragons
  9 yaktaur captains
  2 deep elf high priests
  9 great orbs of eyes
  4 hydras
  A peacekeeper (Vaults:3)
  2 rakshasas
  A vault guard (Vaults:2)
  8 ice dragons
  3 merfolk avatars (Shoals:4)
  A spriggan air mage (Depths:3)
  3 catoblepae (Lair:5)
  An alligator snapping turtle (Shoals:1)
  9 centaur warriors
  3 satyrs
  10 ironbound frosthearts
  2 merfolk aquamancers (Shoals:4)
  13 dancing weapons
  Erolcha (D:12)
  3 two-headed ogres
  3 hell hogs (D:11)
  5 tengu warriors
  3 boulder beetles
  6 death yaks
  2 vampire magi
  3 demonic crawlers (Spider:1)
  2 occultists (Depths:3)
  A sun demon (Vaults:2)
  6 orc high priests
  5 deep elf knights
  2 spriggan berserkers (Depths:2)
  5 skysharks
  A cherub (Zot:1)
  4 sea snakes
  2 pharaoh ants
  2 skeletal warriors (D:15)
  6 orb spiders
  A fire crab (Lair:4)
  15 deep trolls
  3 glowing orange brains
  A tengu zombie (Vaults:4)
  6 deep elf archers
  6 arcanists
  A flayed ghost (Depths:4)
  5 lindwurms
  10 deep elf zephyrmancers
  4 steelbarb worms
  3 orc knights
  A phantasmal warrior (Vaults:1)
  Pikel (D:4)
  18 deep elf pyromancers
  An orb spider (shapeshifter) (Depths:2)
  8 harpies
  A spectral wolf spider (Spider:4)
  A shadow dragon zombie (Depths:2)
  5 ironbound convokers
  A wolf spider zombie (Spider:4)
  A necromancer (Vaults:1)
  11 manticores
  4 shining eyes
  16 wolf spiders
  An orc sorcerer (Depths:4)
  19 ugly things
  A shining eye (shapeshifter) (Depths:3)
  3 oklob plants (Lair:4)
  4 cyclopes
  21 moths of wrath
  3 large abominations
  9 fauns
  9 meliai
  A centaur zombie (D:15)
  A kobold blastminer (Orc:1)
  An elephant (Lair:3)
  A frost giant skeleton (Vaults:1)
  6 merfolk sirens
  9 vault sentinels
  4 black mambas
  4 torpor snails
  A gargoyle (D:13)
  3 water nymphs
  5 cane toads
  6 rime drakes
  A spriggan zombie (WizLab)
  5 kobold demonologists
  4 smoke demons
  A hellion (Depths:4)
  2 ice devils (Spider:3)
  8 komodo dragons
  2 tengu conjurers
  21 yaktaurs
  A hellwing (D:2)
  15 merfolk
  A guardian mummy (WizLab)
  4 wolf spider simulacra (Spider:4)
  5 polar bears
  A tyrant leech (Zot:5)
  2 trolls
  23 tarantellas
  Grinder (D:5)
  2 wind drakes (Shoals:4)
  22 blink frogs
  A hornet (D:9)
  2 nameless horrors
  A frost giant simulacrum (Vaults:4)
  5 glass eyes
  6 snapping turtles
  7 air elementals
  Sigmund (D:6)
  67 slime creatures
  14 water elementals
  10 jumping spiders
  14 culicivoras
  A wraith (D:15)
  104 yaks
  A vampire (D:12)
  Eustachio (D:4)
  3 fire bats (Gauntlet)
  2 wargs
  6 basilisks
  5 wyverns
  26 redbacks
  5 fire elementals
  3 golden eyes (Slime:5)
  A steam dragon (D:8)
  A spriggan simulacrum (Depths:1)
  A glowing shapeshifter zombie (Vaults:1)
  Edmund (D:5)
  5 hell hounds (D:7)
  2 acid dragons
  10 water moccasins
  11 orc warriors
  A black bear (D:6)
  2 sky beasts (D:7)
  6 wolves
  6 ogres
  7 centaurs
  A phantom (D:6)
  A lemure (D:4)
  4 kobold brigands
  7 bullfrogs
  3 earth elementals
  2 gnoll sergeants
  3 scorpions
  2 human skeletons
  A glowing shapeshifter simulacrum (Depths:1)
  10 wights
  A howler monkey (D:13)
  2 electric eels (D:11)
  A human zombie (Ossuary)
  A jelly (D:5)
  A bombardier beetle (D:5)
  4 orc priests
  Crazy Yiuf (D:6)
  3 hounds (D:4)
  Jessica (D:3)
  Terence (D:2)
  3 iguanas
  5 orc wizards
  5 scorpion zombies (Ossuary)
  2 sleepcaps
  Natasha (thrice) (D:3 D:2)
  A hell rat (Lair:5)
  3 mummies (Ossuary)
  19 gnolls
  4 adders
  A white imp (D:7)
  3 adder zombies (Ossuary)
  5 dart slugs
  A ribbon worm (D:2)
  5 orcs
  11 endoplasms
  2 giant cockroaches
  2 gnoll zombies (Ossuary)
  8 goblins
  5 hobgoblins
  3 jackals (D:1)
  24 kobolds
  5 quokkas
  5 ball pythons
  6 bats
  4 frilled lizards
  3 jackal zombies (Ossuary)
  3 kobold zombies (Ossuary)
  8 rats
  An aspiring flesh (Zot:4)
  A butterfly (Lair:1)
  2 tentacles (Shoals:4)
1389 creatures vanquished.

Vanquished Creatures (collateral kills)
  the Royal Jelly (Slime:5)
  2 ancient liches (Zot:5)
  An orb of fire (Zot:3)
  2 juggernauts (Depths:2)
  A pandemonium lord (D:2)
  3 Killer Klowns (Zot:5)
  3 golden dragons
  the Enchantress (Depths:2)
  Arachne (Spider:2)
  2 doom hounds (Zot:2)
  3 electric golems
  An Ice Fiend (D:8)
  Asterion (Spider:4)
  3 tentacled monstrosities
  A lich (Depths:2)
  Grunn (Zot:2)
  A quicksilver dragon (Depths:3)
  8 Orb Guardians
  A walking crystal tome (Depths:2)
  3 deep elf master archers (Elf:3)
  3 deep elf blademasters
  22 acid blobs
  5 sphinxes
  A death cob (Zot:5)
  6 tengu reavers
  Frances (D:14)
  An ancient champion (Vaults:2)
  3 shadow dragons
  Roxanne (Elf:3)
  A draconian knight (Zot:2)
  15 rockslimes
  3 fire giants
  11 azure jellies
  A storm dragon (Zot:2)
  A protean progenitor (Zot:3)
  2 iron dragons
  6 draconian monks
  2 frost giants
  Ilsuiw (Shoals:3)
  2 deep elf sorcerers (Elf:3)
  5 vault wardens
  A caustic shrike zombie (Depths:1)
  Louise (D:14)
  A draconian scorcher (Zot:4)
  2 deep elf elementalists (Depths:2)
  3 emperor scorpions
  A draconian shifter (Zot:2)
  4 ghost moths
  2 draconian annihilators
  A ghoul (Vaults:2)
  2 orc warlords
  3 spriggan defenders (Depths:2)
  A very ugly thing (Depths:4)
  A formless jellyfish (Slime:1)
  3 green draconians
  9 stone giants
  6 quicksilver oozes
  3 broodmothers
  13 ironbound preservers
  2 vampire knights
  A deep elf death mage (Elf:3)
  3 ironbound thunderhulks
  A black draconian (Zot:3)
  A deep elf demonologist (Elf:3)
  10 yellow draconians
  7 dire elephants
  A war gargoyle (Vaults:2)
  3 deep elf annihilators
  3 purple draconians
  7 ettins
  4 red draconians
  2 spark wasps
  3 white draconians
  4 merfolk impalers
  2 merfolk javelineers
  2 deep elf high priests (Elf:3)
  A crystal guardian (Vaults:3)
  Josephine (D:15)
  7 fire dragons
  3 vault guards
  7 yaktaur captains
  6 great orbs of eyes
  A hydra (Lair:5)
  An ogre mage (D:15)
  2 ice dragons
  A peacekeeper (Vaults:2)
  2 rakshasas (Depths:2)
  5 centaur warriors
  A sphinx zombie (D:15)
  A catoblepas (Shoals:3)
  3 two-headed ogres
  A merfolk aquamancer (Shoals:4)
  3 spriggan air magi
  A radroach (Spider:4)
  A satyr (Zot:3)
  5 demonic crawlers
  16 dancing weapons
  5 death yaks
  A tengu warrior (Depths:2)
  5 boulder beetles
  A titan zombie (Vaults:4)
  4 orc high priests
  4 spriggan berserkers (Depths:2)
  3 skysharks
  13 deep elf knights
  Sonja (D:13)
  A fire crab (Gauntlet)
  A skeletal warrior (D:14)
  6 sea snakes
  5 pharaoh ants
  A glowing orange brain (Slime:5)
  4 arcanists
  A shadow demon (Depths:4)
  A lindwurm (Vaults:2)
  A spectral wolf spider (Spider:4)
  4 steelbarb worms
  An orb spider (Spider:1)
  A flayed ghost (D:15)
  8 ironbound convokers
  10 deep trolls
  A sun moth (Spider:4)
  10 deep elf zephyrmancers
  5 orc knights
  6 deep elf archers
  4 harpies (Vaults:1)
  8 wolf spiders
  13 deep elf pyromancers
  9 ugly things
  4 fauns
  2 wolf spider zombies (Spider:4)
  A frost giant zombie (Depths:2)
  An orc sorcerer (Slime:4)
  An iron dragon zombie (Depths:1)
  6 necromancers
  8 elephants
  A manticore (Shoals:4)
  A tengu skeleton (Depths:1)
  A human skeleton (Vaults:4)
  2 cyclopes
  A meliai (Depths:2)
  3 moths of wrath
  3 black mambas
  A kobold blastminer (Orc:2)
  2 eyes of devastation
  3 vault sentinels
  A cane toad (Lair:5)
  An ice statue (IceCv)
  2 torpor snails
  A smoke demon (Spider:3)
  2 water nymphs
  5 rime drakes (IceCv)
  2 unseen horrors
  11 yaktaurs
  3 centaur skeletons (D:14)
  Maggie (D:7)
  2 efreet
  An unseen horror (shapeshifter) (Elf:2)
  An ice devil (Spider:3)
  3 kobold demonologists (D:10)
  13 merfolk
  3 polar bears (IceCv)
  3 trolls
  A wind drake (Shoals:4)
  16 tarantellas
  A hellwing (Lair:1)
  A tyrant leech (Zot:5)
  2 glass eyes
  A hornet (D:9)
  8 blink frogs
  3 snapping turtles
  A wolf spider simulacrum (Spider:4)
  A spriggan zombie (D:15)
  A fire giant simulacrum (Depths:1)
  10 jumping spiders
  An air elemental (Elf:1)
  A spriggan skeleton (Depths:2)
  47 slime creatures
  5 spriggans (Depths:2)
  A vampire (D:9)
  A shadow (D:15)
  5 wraiths
  11 culicivoras
  46 yaks
  9 water elementals
  A warg (Orc:2)
  A wyvern (Lair:1)
  4 golden eyes (Slime:5)
  A steam dragon (D:7)
  2 vampire mosquitoes (D:15)
  25 redbacks
  An acid dragon (D:14)
  3 water moccasins
  6 orc warriors
  4 ogres
  10 wolves
  5 centaurs
  3 kobold brigands (D:10)
  A bullfrog (D:8)
  A gnoll sergeant (D:9)
  4 earth elementals
  4 howler monkeys
  A hound (D:7)
  5 orc priests
  A sleepcap (D:7)
  A boggart zombie (D:15)
  A boggart skeleton (D:14)
  6 hell rats (Lair:5)
  A shadow imp (D:7)
  7 orcs
  7 kobolds
  A butterfly (Lair:1)
  A tentacle (Shoals:4)
830 creatures vanquished.

Vanquished Creatures (others)
  2 deep elf sorcerers (Elf:3)
  A deep elf elementalist (Elf:3)
  A fire giant (Depths:4)
  A draconian knight (Zot:4)
  6 orc warlords
  A draconian annihilator (Depths:4)
  A spriggan defender (Depths:2)
  A deep elf annihilator (Elf:3)
  A purple draconian (Zot:3)
  27 orc apostles
  An ogre mage (D:14)
  A centaur warrior (Vaults:1)
  12 orc high priests
  A deep elf knight (Elf:1)
  17 orc knights
  A deep elf pyromancer (Elf:1)
  A wolf spider (Spider:4)
  A tengu conjurer (Depths:1)
  A troll (Depths:2)
  3 yaks
  14 orc warriors
  14 orc priests
  3 orc wizards
  8 orcs
  A spectral weapon (Orc:2)
  A tentacle (Shoals:4)
122 creatures vanquished.

Grand Total: 2341 creatures vanquished

Notes
Turn   | Place    | Note
-------+----------+-------------------------------------------
     0 | D:1      | Daunt the Mountain Dwarf Fighter began the quest for the
                  | Orb.
     0 | D:1      | Reached XP level 1. HP: 19/19 MP: 1/1
   137 | D:1      | Reached XP level 2. HP: 26/26 MP: 2/2
   417 | D:1      | Reached XP level 3. HP: 33/33 MP: 3/3
  1111 | D:2      | Reached XP level 4. HP: 37/40 MP: 4/4
  1279 | D:2      | Noticed Terence
  1296 | D:2      | Killed Terence
  1967 | D:4      | Reached XP level 5. HP: 42/46 MP: 5/5
  1980 | D:4      | Found a hide-covered altar of Uskayaw.
  2171 | D:4      | Became a worshipper of Beogh the Shepherd
  2178 | D:4      | Noticed Pikel
  2178 | D:4      | Noticed a lemure
  2178 | D:4      | Noticed a lemure
  2178 | D:4      | Noticed a lemure
  2182 | D:4      | Noticed a lemure
  2194 | D:4      | Killed a lemure
  2199 | D:4      | Killed Pikel
  2200 | D:4      | Reached skill level 5 in Fighting
  2200 | D:4      | Reached skill level 5 in Maces & Flails
  2200 | D:4      | Reached skill level 5 in Armour
  2200 | D:4      | Reached skill level 5 in Shields
  2200 | D:4      | Reached XP level 6. HP: 31/56 MP: 6/6
  2200 | D:4      | Reached XP level 7. HP: 33/61 MP: 7/7
  2217 | D:4      | Found a sand-covered staircase.
  2307 | Ossuary  | Entered an ossuary
  2534 | Ossuary  | Reached * piety under Beogh
  2604 | Ossuary  | Reached XP level 8. HP: 41/70 MP: 8/8
  2932 | D:3      | Noticed Natasha
  2943 | D:3      | Killed Natasha
  3029 | D:3      | Noticed Jessica
  3033 | D:3      | Killed Jessica
  3047 | D:3      | Noticed Natasha
  3056 | D:3      | Killed Natasha
  3994 | D:5      | Entered Level 5 of the Dungeon
  4030 | D:5      | Noticed Grinder
  4030 | D:5      | Noticed Eustachio
  4034 | D:5      | Noticed Edmund
  4098 | D:4      | Killed Eustachio
  4620 | D:5      | Killed Edmund
  4621 | D:5      | Reached skill level 10 in Maces & Flails
  4672 | D:5      | Reached ** piety under Beogh
  4748 | D:5      | Found Kaety's Weapon Shoppe.
  4951 | D:6      | Noticed Sigmund
  5002 | D:5      | Killed Grinder
  5003 | D:5      | Reached XP level 9. HP: 49/75 MP: 9/9
  5191 | D:6      | Killed Sigmund
  5511 | D:6      | Found a runed translucent door.
  5513 | D:6      | Noticed Crazy Yiuf
  5517 | D:6      | Killed Crazy Yiuf
  5818 | D:7      | Found a staircase to the Ecumenical Temple.
  5867 | D:7      | You fall into a shaft and drop 3 floors!
  5867 | D:10     | Entered Level 10 of the Dungeon
  6044 | D:10     | Noticed a kobold demonologist
  6048 | D:10     | Noticed a kobold demonologist
  6224 | D:10     | Reached skill level 1 in Dodging
  6231 | D:10     | Reached XP level 10. HP: 41/84 MP: 10/10
  6257 | D:10     | Reached *** piety under Beogh
  6294 | D:10     | Identified the +10 halberd "Abbogh" {holy, Str+6}
  6294 | D:10     | Noticed Ortolf
  6327 | D:10     | Anointed Ortolf the warrior as your apostle
  6580 | D:10     | Noticed a sixfirhy
  6685 | D:10     | Found a corrupted altar of Lugonu.
  6732 | D:9      | Paralysed by a hornet for 3 turns
  6940 | D:8      | Found a blossoming altar of Fedhas.
  7318 | D:7      | Noticed Maggie
  7325 | D:7      | Killed Maggie
  7362 | D:7      | Noticed Bogbrand
  7366 | D:7      | Anointed Bogbrand the wizard as your apostle
  7828 | D:8      | Found a shadowy altar of Dithmenos.
  7886 | D:8      | Reached **** piety under Beogh
  8149 | D:8      | Reached XP level 11. HP: 95/95 MP: 11/11
  8203 | D:8      | Found a broken altar of Ashenzari.
  8203 | D:8      | Found a white marble altar of Elyvilon.
  8589 | D:9      | Noticed a two-headed ogre
  8594 | D:9      | Killed a two-headed ogre
  8602 | D:9      | Reached ***** piety under Beogh
  8643 | D:9      | Identified the +11 mace of the Establishment {freeze,
                  | Str+4}
  8809 | D:9      | Found a staircase to the Orcish Mines.
  8989 | D:10     | Found a stormy altar of Qazlal.
  9056 | D:10     | Noticed a soul eater
  9104 | D:10     | Reached skill level 5 in Dodging
  9135 | D:10     | Noticed Ognian
  9144 | D:10     | Anointed Ognian the priest as your apostle
  9343 | D:10     | Reached skill level 5 in Invocations
  9394 | D:10     | Found a glowing golden altar of the Shining One.
  9437 | D:10     | Found a snail-covered altar of Cheibriados.
  9495 | D:10     | Found a burning altar of Makhleb.
  9505 | D:10     | Found a basalt altar of Yredelemnul.
  9665 | D:11     | Identified the maw talisman "Zommo" {Int+5}
 10081 | D:11     | Found a staircase to the Lair.
 10342 | D:11     | Reached XP level 12. HP: 68/105 MP: 17/19
 10344 | D:11     | Reached skill level 10 in Invocations
 10774 | Lair:1   | Entered Level 1 of the Lair of Beasts
 10782 | Lair:1   | Reached skill level 10 in Fighting
 11408 | Lair:1   | Reached ****** piety under Beogh
 11636 | Lair:1   | Identified the +8 dagger of Cusucaaryek {heavy, +Blink rF+
                  | Int-3}
 11636 | Lair:1   | Identified the +0 robe "Wuxtoire" {-Cast rN+ Regen+ Str+6}
 11636 | Lair:1   | Noticed Boruk
 11645 | Lair:1   | Anointed Boruk the wizard as your apostle
 12228 | Lair:2   | Found a staircase to the Shoals.
 12476 | Lair:2   | Reached XP level 13. HP: 92/122 MP: 22/22
 12738 | Lair:2   | Identified the +0 pair of boots of the Nexus {^Contam rC+
                  | Dex+2}
 13870 | Lair:3   | Found a hole to the Spider Nest.
 14425 | Lair:3   | Noticed Gastronok
 14434 | Lair:3   | Killed Gastronok
 14435 | Lair:3   | Reached skill level 10 in Shields
 15783 | Lair:4   | Found a viscous altar of Jiyva.
 15820 | Lair:4   | Found a staircase to the Slime Pits.
 16172 | Lair:4   | Identified the +8 flail of Butchery {spect, *Rage rPois
                  | Str+4 SInv}
 16172 | Lair:4   | Noticed Bogdan
 16204 | Lair:4   | Your ally Ognian died
 16223 | Lair:4   | Anointed Bogdan the priest as your apostle
 16229 | Lair:4   | Identified a scroll of acquirement
 16272 | Lair:4   | Acquired the +7 chain mail of the Shore {Dex+3}
 16882 | Lair:5   | Entered Level 5 of the Lair of Beasts
 16895 | Lair:5   | Reached XP level 14. HP: 129/129 MP: 23/23
 16921 | Lair:5   | Your ally Ortolf died
 16930 | Lair:5   | Your ally Boruk died
 17016 | Lair:5   | Found a frozen archway.
 17106 | IceCv    | Entered an ice cave
 17205 | IceCv    | Reached skill level 15 in Shields
 17227 | IceCv    | Reached skill level 1 in Evocations
 17239 | IceCv    | Noticed a frost giant
 17252 | IceCv    | Your ally Bogdan died
 17261 | IceCv    | Killed a frost giant
 18658 | Lair:5   | Identified the +4 hand axe "Piptot" {freeze, *Corrode Str+8
                  | Dex-5 SInv}
 18667 | Lair:5   | Anointed Grimold the priest as your apostle
 18927 | D:12     | Noticed Erolcha
 18948 | D:12     | Killed Erolcha
 19040 | D:12     | Reached skill level 5 in Evocations
 19420 | D:13     | Reached XP level 15. HP: 122/139 MP: 25/25
 19519 | D:13     | Found a gate leading to a gauntlet.
 19544 | Gauntlet | Entered a Gauntlet
 19544 | Gauntlet | Found a transporter.
 19544 | Gauntlet | Found a transporter.
 19544 | Gauntlet | Found a transporter.
 19545 | Gauntlet | Found a transporter.
 19546 | Gauntlet | Found a transporter.
 19549 | Gauntlet | Found a transporter.
 19553 | Gauntlet | Found a runed translucent door.
 19553 | Gauntlet | Found a runed translucent door.
 19556 | Gauntlet | Found a transporter.
 19557 | Gauntlet | Found a transporter.
 19558 | Gauntlet | Found a transporter.
 19560 | Gauntlet | Found a transporter.
 19568 | Gauntlet | Found a transporter.
 19568 | Gauntlet | Found a transporter.
 19888 | Gauntlet | Identified the ring "Zixuepik" {Wiz ^Drain Int+4 SInv}
 19988 | Gauntlet | Identified the staff "Zoanaj" {rElec rC+ Dex+3 Ice Air}
 19988 | Gauntlet | Identified the ring "Vaffufos" {Fire ^Drain Dex+4}
 20232 | D:13     | Reached skill level 15 in Invocations
 20365 | D:13     | Noticed Sonja
 20368 | D:13     | Killed Sonja
 20426 | D:13     | Reached skill level 15 in Fighting
 20759 | D:14     | Noticed Frances
 20766 | D:14     | Killed Frances
 21042 | D:14     | Noticed Louise
 21060 | D:14     | Killed Louise
 21130 | D:14     | Noticed Agnes
 21134 | D:14     | Killed Agnes
 21395 | D:14     | Found a gate to the Vaults.
 21621 | D:14     | Found Zeschiss's Antique Weapon Boutique.
 21796 | D:15     | Entered Level 15 of the Dungeon
 21917 | D:15     | Found a staircase to the Depths.
 22216 | D:15     | Noticed Josephine
 22240 | D:15     | Killed Josephine
 22540 | D:15     | Learned a level 2 spell: Blink
 22618 | D:15     | Reached skill level 1 in Translocations
 22769 | D:15     | Found a shadowy altar of Dithmenos.
 22857 | D:15     | Found a basalt altar of Yredelemnul.
 23277 | Orc:1    | Entered Level 1 of the Orcish Mines
 23536 | Orc:2    | Entered Level 2 of the Orcish Mines
 23561 | Orc:2    | Found a roughly hewn altar of Beogh.
 23576 | Orc:2    | Identified the +0 hand axe "Kafimegi" {venom, rCorr Int+3
                  | Stlth+}
 23639 | Orc:2    | Found a staircase to the Elven Halls.
 23688 | Orc:2    | Noticed Donald
 23696 | Orc:2    | Killed Donald
 23855 | Orc:2    | Found a shimmering blue altar of Sif Muna.
 24135 | Orc:2    | Reached skill level 5 in Translocations
 24225 | Orc:2    | Your ally Bogdan died
 24227 | Orc:2    | Your ally Ortolf died
 24461 | Orc:2    | Found Buakk's Antique Armour Shoppe.
 24464 | Orc:2    | Found Irurphor's Distillery.
 24465 | Orc:2    | Found Gegito Bizec's Magic Scroll Shoppe.
 24466 | Orc:2    | Found Qodif's Armour Shoppe.
 24469 | Orc:2    | Bought a scroll of fear for 60 gold pieces
 24784 | Orc:2    | Bought a potion of cancellation for 96 gold pieces
 24787 | Orc:2    | Bought a scroll of identify for 30 gold pieces
 24787 | Orc:2    | Bought a scroll of identify for 30 gold pieces
 24798 | Orc:2    | Bought a +1 cloak of poison resistance for 162 gold pieces
 25010 | D:14     | Bought a runed morningstar for 266 gold pieces
 25327 | Spider:1 | Entered Level 1 of the Spider Nest
 25345 | Spider:1 | Reached skill level 1 in Spellcasting
 25348 | Spider:1 | Reached skill level 1 in Axes
 25348 | Spider:1 | Reached XP level 16. HP: 149/151 MP: 28/28
 25675 | Spider:1 | You fall into a shaft and drop 1 floor!
 25834 | Spider:1 | Reached skill level 5 in Axes
 26252 | Spider:2 | Noticed Jorgrun
 26261 | Spider:2 | Killed Jorgrun
 26278 | Spider:2 | Anointed Arbolt the warrior as your apostle
 26347 | Spider:2 | Noticed Mlioglotl
 26365 | Spider:2 | Killed Mlioglotl
 26665 | Spider:2 | Identified the serpent talisman of the Chimera {MP+9 Dex+2}
 26665 | Spider:2 | Noticed Aizul
 26674 | Spider:2 | Killed Aizul
 26888 | Spider:2 | Noticed Arachne
 26899 | Spider:2 | Killed Arachne
 26900 | Spider:2 | Reached skill level 10 in Axes
 27639 | Spider:3 | Your ally Grimold died
 28459 | Spider:3 | Reached XP level 17. HP: 125/158 MP: 29/29
 28633 | Spider:4 | Entered Level 4 of the Spider Nest
 28705 | Spider:4 | Noticed Nikola
 28712 | Spider:4 | Killed Nikola
 28730 | Spider:4 | Noticed Asterion
 28741 | Spider:4 | Killed Asterion
 29250 | Spider:4 | Reached skill level 15 in Axes
 29662 | Spider:4 | Reached skill level 10 in Armour
 29957 | Spider:4 | Got a gossamer rune of Zot
 30354 | Spider:3 | Identified the +7 dagger "Fucroaca" {freeze, *Rage Fly
                  | rCorr Dex+3}
 30374 | Spider:3 | Your ally Ortolf died
 30376 | Spider:3 | Anointed Marbaugh the wizard as your apostle
 30530 | Shoals:1 | Entered Level 1 of the Shoals
 31747 | Shoals:2 | Found Gait's CLEARANCE SALE!.
 32332 | Shoals:3 | Identified the +0 ring mail "Qarish" {Harm Int+2}
 32883 | Shoals:3 | Noticed Polyphemus
 32902 | Shoals:3 | Killed Polyphemus
 32911 | Shoals:3 | Reached XP level 18. HP: 115/166 MP: 30/30
 33033 | Shoals:3 | Noticed Ilsuiw
 33045 | Shoals:3 | Killed Ilsuiw
 33191 | Shoals:4 | Entered Level 4 of the Shoals
 33221 | Shoals:4 | Noticed Mara
 33232 | Shoals:4 | Killed Mara
 33236 | Shoals:4 | Noticed Bai Suzhen
 33250 | Shoals:4 | Killed Bai Suzhen
 33250 | Shoals:4 | Your ally Marbaugh died
 33250 | Shoals:4 | Your ally Arbolt died
 33454 | Shoals:4 | Reached skill level 15 in Armour
 34765 | Shoals:4 | Got a barnacled rune of Zot
 35362 | Shoals:4 | Your ally Grimold died
 35621 | Shoals:3 | Anointed Okrist the warrior as your apostle
 35787 | Vaults:1 | Entered Level 1 of the Vaults
 35941 | Vaults:1 | Found Suwk's Assorted Antiques.
 35947 | Vaults:1 | Bought a scroll of blinking for 240 gold pieces
 36442 | Vaults:1 | Found Woreor's Armour Emporium.
 36960 | Vaults:1 | Reached XP level 19. HP: 172/174 MP: 31/31
 38122 | Vaults:2 | Identified the +7 dagger "Quiziv" {protect, Int+2}
 38136 | Vaults:2 | Anointed Hilgar the wizard as your apostle
 38327 | Vaults:2 | Your ally Hilgar died
 38406 | Vaults:2 | Your ally Hilgar died
 38939 | Vaults:2 | Found a staircase to the Crypt.
 40556 | Vaults:3 | Identified the ring of Zimuqihe {rElec rF+++ MP-9 EV+5
                  | Str-3}
 40640 | Vaults:1 | Bought a thick copper amulet for 160 gold pieces
 40796 | Vaults:3 | Reached XP level 20. HP: 168/189 MP: 21/33
 41708 | Vaults:3 | Identified the +8 great sword of Brawling {vamp, ^Contam
                  | rF+ Int+4 Dex+3}
 41726 | Vaults:3 | Your ally Okrist died
 42081 | Vaults:3 | Anointed Gorbash the warrior as your apostle
 42660 | Vaults:3 | Your ally Gorbash died
 42945 | Vaults:4 | Found a magical portal.
 42959 | WizLab   | Entered Doroklohe's Tomb
 43003 | WizLab   | Noticed a dread lich
 43463 | Vaults:4 | Reached skill level 1 in Summonings
 43463 | Vaults:4 | Reached skill level 1 in Earth Magic
 43909 | Vaults:4 | Found a roughly hewn altar of Beogh.
 44339 | Vaults:4 | Reached skill level 5 in Earth Magic
 44500 | Vaults:4 | Reached skill level 5 in Summonings
 45240 | Depths:1 | Entered Level 1 of the Depths
 45327 | Depths:1 | Noticed Sojobo
 45345 | Depths:1 | Killed Sojobo
 45370 | Depths:1 | Learned a level 4 spell: Animate Armour
 45827 | Depths:1 | Found a gateway to Hell.
 45902 | Depths:1 | Found an opulent altar of Gozag.
 46106 | Depths:2 | Reached XP level 21. HP: 193/199 MP: 24/35
 46270 | Depths:2 | Noticed a golden dragon
 46271 | Depths:2 | Noticed a golden dragon
 46279 | Depths:2 | Killed a golden dragon
 46281 | Depths:2 | Killed a golden dragon
 47055 | Depths:2 | Noticed the Enchantress
 47074 | Depths:2 | Your ally Okrist died
 47083 | Depths:2 | Your ally Gorbash died
 47095 | Depths:2 | Reached skill level 10 in Earth Magic
 47120 | Depths:2 | Noticed a juggernaut
 47127 | Depths:2 | Your ally Grimold died
 47130 | Depths:2 | Killed the Enchantress
 47133 | Depths:2 | Killed a juggernaut
 47431 | Depths:2 | Noticed a caustic shrike
 47477 | Depths:2 | Killed a caustic shrike
 47724 | Depths:2 | Noticed Norris
 47744 | Depths:2 | Killed Norris
 48025 | Depths:2 | Noticed a juggernaut
 48036 | Depths:2 | Killed a juggernaut
 48047 | Depths:2 | Identified the -1 cloak of Befadai {rCorr}
 48089 | Depths:2 | Identified the staff of the Forgotten Lies {*Corrode rElec
                  | Dex+3 Conj Air}
 48095 | Depths:2 | You fall into a shaft and drop 1 floor!
 48177 | Depths:3 | Found an ornate altar of the Wu Jian Council.
 48755 | Depths:2 | Found a one-way gate leading to the halls of Pandemonium.
 48757 | Depths:2 | Found a one-way gateway to a ziggurat.
 48766 | Depths:2 | Got the Compilation of the Vexing Tektite
 48814 | Depths:2 | Identified the +0 leather armour "Gyfof" {Harm rF- rN++
                  | Str+3}
 49423 | Depths:3 | Reached XP level 22. HP: 209/209 MP: 23/36
 49435 | Depths:3 | Found a one-way gate to the infinite horrors of the Abyss.
 49540 | Depths:3 | Your ally Gorbash died
 49540 | Depths:3 | Your ally Grimold died
 49952 | Depths:3 | Gained mutation: You occasionally lose the ability to read
                  | scrolls when taking damage. [a shining eye]
 50014 | Depths:3 | Learned a level 1 spell: Apportation
 50372 | Depths:4 | Entered Level 4 of the Depths
 50514 | Depths:4 | Found a flickering gateway to a bazaar.
 50535 | Bazaar   | Entered a bazaar
 50549 | Bazaar   | Found Reahadi's General Store.
 50549 | Bazaar   | Found Alax's Jewellery Shop.
 50608 | Bazaar   | Found Ezedeuts's Book Boutique.
 50608 | Bazaar   | Found Xonnus's Distillery.
 50640 | Bazaar   | Bought Yhoozuo's Precepts of Forceful Elsewhere for 550
                  | gold pieces
 50674 | Bazaar   | Bought the amulet "Dicuol" {Acrobat Regen+ Int+3} for 519
                  | gold pieces
 50708 | Bazaar   | Bought a potion of ambrosia for 112 gold pieces
 50708 | Bazaar   | Bought a potion of haste for 140 gold pieces
 50708 | Bazaar   | Bought a potion of invisibility for 112 gold pieces
 50708 | Bazaar   | Bought a potion of mutation for 112 gold pieces
 50708 | Bazaar   | Bought a potion of haste for 140 gold pieces
 50742 | Bazaar   | Bought a scroll of silence for 142 gold pieces
 50778 | Depths:4 | Learned a level 4 spell: Manifold Assault
 50783 | Depths:4 | Learned a level 4 spell: Vhi's Electric Charge
 50862 | Depths:4 | Your ally Okrist died
 50928 | Depths:4 | Noticed a golden dragon
 50936 | Depths:4 | Killed a golden dragon
 51150 | Depths:4 | Found a gate to the Realm of Zot.
 51163 | Depths:4 | Reached skill level 5 in Spellcasting
 51290 | Depths:4 | Anointed Gorbash the priest as your apostle
 51810 | Elf:1    | Entered Level 1 of the Elven Halls
 52621 | Elf:1    | Found a portal to a secret trove of treasure.
 52634 | Elf:1    | Found Cosikel's Jewellery Shoppe.
 52970 | Elf:1    | Got the Volume of the Union
 53338 | Elf:2    | Paralysed by an air elemental for 1 turns
 53578 | Elf:2    | Found Caethry's Distillery.
 53578 | Elf:2    | Found Fuinas Ley's Magic Scroll Shoppe.
 53599 | Elf:2    | Bought a scroll of fog for 52 gold pieces
 53653 | Elf:1    | You paid a toll of 8 scrolls of fog to enter a treasure
                  | trove
 53654 | Trove    | Entered a treasure trove
 53670 | Trove    | Got Sif Muna's Elucidation of the Disjunct Inferno
 53673 | Trove    | Got the Precepts of Parabolic Toxicology
 53676 | Trove    | Got Sif Muna's Compendium of the Limned Mortar
 53695 | Trove    | Got Sif Muna's Omnibus of Locality
 53820 | Elf:2    | Found Vusa's Distillery.
 54009 | Elf:2    | Found a runed translucent gate.
 54009 | Elf:2    | Found a runed translucent gate.
 54011 | Elf:2    | Found a runed translucent gate.
 54299 | Elf:1    | Found a radiant altar of Vehumet.
 54452 | Elf:3    | Entered Level 3 of the Elven Halls
 54527 | Elf:2    | Reached skill level 1 in Air Magic
 55102 | Elf:3    | Reached skill level 5 in Air Magic
 55102 | Elf:3    | Reached XP level 23. HP: 216/217 MP: 18/37
 55312 | Elf:3    | Noticed Roxanne
 55585 | Elf:3    | Killed Roxanne
 56171 | Elf:3    | Found the +10 Black Knight's barding {ponderous, rPois rN+}
 56181 | Elf:3    | Identified the ring "Sufrikhlo" {rPois rF+ rN+ Will+ Dex+3}
 56236 | Elf:3    | Identified the +0 leather armour of Resourcefulness {rCorr}
 56307 | Elf:3    | Identified the +7 hand axe of Defence {freeze, rElec rF+}
 56326 | Elf:3    | Got the Codex of Sympathetic Phlogiston
 56372 | Elf:3    | Identified the granite talisman "Koonosm" {rN+ Str-2
                  | Stlth+}
 56373 | Elf:3    | Identified the ring of Ranwigh {rC++ Will+ Str+5}
 56388 | Elf:3    | Identified the +4 orcbow "Yneysk" {heavy, rF+ rC- Str+3}
 56492 | Elf:3    | Acquired 999 gold pieces
 56542 | Elf:2    | Bought a scroll of enchant armour for 97 gold pieces
 56542 | Elf:2    | Bought a scroll of enchant armour for 97 gold pieces
 56542 | Elf:2    | Bought a scroll of summoning for 123 gold pieces
 56542 | Elf:2    | Bought a scroll of enchant weapon for 97 gold pieces
 56548 | Elf:2    | Bought a potion of haste for 180 gold pieces
 56548 | Elf:2    | Bought 2 potions of experience for 1800 gold pieces
 56548 | Elf:2    | Reached skill level 10 in Translocations
 56548 | Elf:2    | Reached XP level 24. HP: 228/228 MP: 28/37
 56553 | Elf:2    | Learned a level 3 spell: Swiftness
 56556 | Elf:2    | Learned a level 2 spell: Lesser Beckoning
 56560 | Elf:2    | Learned a level 3 spell: Passwall
 56560 | Elf:2    | Reached XP level 25. HP: 236/236 MP: 28/37
 57027 | Slime:1  | Entered Level 1 of the Pits of Slime
 57051 | Slime:2  | You fall into a shaft and drop 2 floors!
 57116 | Slime:4  | Identified the +3 hand axe of Disarray {pain, rElec Dex+4}
 57873 | Slime:5  | Entered Level 5 of the Pits of Slime
 57917 | Slime:5  | Lost mutation: You occasionally lose the ability to read
                  | scrolls when taking damage. [a shining eye]
 58531 | Slime:5  | Noticed the Royal Jelly
 58616 | Slime:5  | Your ally Gorbash died
 58686 | Slime:5  | Your ally Gorbash died
 58688 | Slime:5  | Your ally Okrist died
 59060 | Slime:5  | Killed the Royal Jelly
 59215 | Slime:5  | Identified the +7 storm dragon scales of Theory {Rampage
                  | rElec rF+ rC+ rN+}
 59231 | Slime:5  | Found the amulet of Vitality {RegenMP++ Regen++}
 59234 | Slime:5  | Got the Catalogue of Puissant Displacement
 59247 | Slime:5  | Identified the +6 chain mail of Resonance {Will+ Regen+
                  | Stlth+}
 59344 | Slime:5  | Got a slimy rune of Zot
 60459 | Zot:1    | Entered Level 1 of the Realm of Zot
 60598 | Zot:1    | Reached skill level 1 in Throwing
 60713 | Zot:1    | Gained mutation: Armour fits poorly on your strangely
                  | shaped body. [mutagenic glow]
 61023 | Zot:1    | Reached XP level 26. HP: 223/246 MP: 38/38
 61782 | Zot:2    | Noticed an orb of fire
 61787 | Zot:2    | Reached skill level 5 in Throwing
 61798 | Zot:2    | Noticed Grunn
 61927 | Zot:2    | Killed Grunn
 61976 | Zot:2    | Your ally Gorbash died
 63243 | Depths:4 | Anointed Warbeogh the priest as your apostle
 63781 | Orc:2    | Bought 2 potions of mutation for 192 gold pieces
 63781 | Orc:2    | Bought a potion of lignification for 36 gold pieces
 64296 | Zot:3    | Learned a level 4 spell: Passage of Golubria
 64394 | Zot:3    | Noticed an orb of fire
 64406 | Zot:3    | Killed an orb of fire
 64413 | Zot:3    | Found a transporter.
 64479 | Zot:3    | Found a transporter.
 64734 | Zot:4    | Identified the +1 pair of gloves "Jieridghi" {rPois Str-4
                  | Dex-2 SInv}
 64799 | Zot:4    | Reached XP level 27. HP: 258/266 MP: 39/39
 64962 | Zot:4    | Found a bloodstained altar of Trog.
 65440 | Zot:5    | Entered Level 5 of the Realm of Zot
 66135 | Zot:5    | Noticed an orb of fire
 66135 | Zot:5    | Noticed a dread lich
 66148 | Zot:5    | Noticed an orb of fire
 66150 | Zot:5    | Noticed a dread lich
 66708 | Zot:5    | Noticed an ancient lich
 66710 | Zot:5    | Noticed an ancient lich
 66841 | Zot:5    | Killed an orb of fire
 66873 | Zot:5    | Killed an ancient lich
 67131 | Zot:5    | Killed an ancient lich
 67347 | Zot:5    | Identified the +0 robe of Qutom {rElec rC- rCorr Int-5
                  | Archmagi}
 67369 | Zot:5    | Killed a dread lich
 67389 | Zot:5    | Killed a dread lich
 67436 | Zot:5    | Reached skill level 27 in Invocations
 67831 | Zot:5    | Gained mutation: Your magical capacity is low. (-10% MP)
                  | [an orb of fire]
 67835 | Zot:5    | Reached skill level 27 in Fighting
 67842 | Zot:5    | Killed an orb of fire
 68051 | Depths:4 | Identified the +0 dagger of Putrescence {vamp, Will+ Dex+4}
 68051 | Depths:4 | Identified the +2 robe of the Bulwark {*Corrode ^Drain
                  | rN+++ Regen+}
 69064 | Zot:5    | Identified the +8 chain mail "Fouhoesu" {Regen+ Str+6}
 69166 | Zot:5    | Got the Orb of Zot
 69278 | Zot:3    | Noticed Soruh the pandemonium lord
 69278 | Zot:3    | Noticed an ancient lich
 69312 | Zot:2    | Noticed a seraph
 69708 | D:3      | Noticed Natasha
 69711 | D:2      | Killed Natasha
 69723 | D:2      | Noticed Beam the pandemonium lord
 69734 | D:2      | Killed Beam the pandemonium lord
 69740 | D:2      | Noticed a seraph
 69749 | D:2      | Your ally Okrist died
 69757 | D:2      | Your ally Gorbash died
 69852 | D:$      | Escaped with the Orb!

Illustrated notes

Levels and vault maps discovered:
D:1:      dpeg_arrival_oval, layout_basic, chequers_serial_rivers_large_b
D:2:      layout_basic, uniq_terence
D:3:      layout_basic, chequers_big_river, chequers_serial_rivers_small_a,
          uniq_natasha, uniq_jessica
D:4:      layout_basic, nicolae_uskayaw_murder_on_the_dancefloor,
          nicolae_ossuary_entry_plus, uniq_pikel
D:5:      layout_cave_pools, serial_shops, nicolae_take_the_stairs, uniq_edmund,
          uniq_grinder, uniq_eustachio
D:6:      layout_loops_ring, uniq_sigmund, uniq_crazy_yiuf_cottage
D:7:      layout_rooms, minmay_temple_entry_grid, uniq_maggie
D:8:      layout_basic, mainiacjoe_overflow_catwalk,
          lemuel_coloured_pillars_altar, gammafunk_temple_overflow_pools,
          serial_rivers, chequers_serial_rivers_micro_d,
          chequers_serial_rivers_small_a, chequers_serial_rivers_micro_e,
          chequers_serial_rivers_marsh, chequers_serial_rivers_room_a
D:9:      layout_cave_pools, orc_0_dummy
D:10:     kennysheep_kobold_lugonu_temple, layout_gridville,
          overflow_temple_1_default, cheibriados_altar_1,
          amethyst_overflow_temple_binary, mainiacjoe_overflow_six_doors_small,
          minivault_25
D:11:     argonaut_augean_stables, layout_irregular_city, lair_entry_dummy
D:12:     layout_basic, uniq_erolcha
D:13:     layout_loops_ring, gauntlet_entry_generic, uniq_sonja
D:14:     layout_irregular_city, hangedman_vaults_entry_quadrant_bands,
          serial_shops, shop, uniq_frances, uniq_louise, uniq_agnes
D:15:     gammafunk_depths_entry_grave, layout_basic, grunt_dithmenos_shadows,
          minmay_misc_feat_enclosed, lemuel_zombie_altar_yredelemnul,
          uniq_josephine
Lair:1:   layout_chaotic_city, lemuel_fruit_fields
Lair:2:   layout_cellular_growth, minmay_shoals_entry_beasts,
          serial_bayou_shore_a, grunt_megastairs_1, lemuel_fruit_tree
Lair:3:   layout_gridlike, spider_nest_entry_webs, uniq_gastronok
Lair:4:   layout_cave_pods, minmay_slime_entry_oklob_enclosed
Lair:5:   evilmike_catoblepas_cave, layout_small_grid,
          portal_ice_cave_entry_pillars_2, grunt_forest_small_clearing_treed,
          grunt_megastairs_3
Shoals:1: layout_shoals
Shoals:2: layout_shoals, nicolae_shop_clearance,
          nicolae_shoals_former_cling_halls
Shoals:3: layout_shoals, uniq_ilsuiw, uniq_polyphemus
Shoals:4: shoals_end_grunt_ice, layout_shoals, uniq_bai_suzhen, uniq_mara
Spider:1: layout_spider_delve, guppyfry_spider_mini_2
Spider:2: layout_spider_delve, hangedman_spider_tarantella_strand, uniq_aizul,
          uniq_arachne, uniq_jorgrun, uniq_mlioglotl
Spider:3: layout_cave_pods
Spider:4: guppyfry_spider_rune, nicolae_spider_undead_wolf_pack, uniq_asterion,
          uniq_nikola
Slime:1:  layout_caves, basic_altar
Slime:2:  layout_caves
Slime:3:  layout_caves, nicolae_slime_round_cave
Slime:4:  layout_caves
Slime:5:  slime_pit_nicolae_royal_road_to_ruin
Orc:1:    layout_caves, serial_shops, nicolae_shop_pleasant_corner_grove
Orc:2:    st_orc_pillars, layout_caves, nicolae_orc_beogh_chapel,
          dreamdust_deal_with_the_devil, kennysheep_orc_sif_temple, uniq_donald
Elf:1:    eino_elf_arrival_the_gate, layout_geoelf_octagon, enter_trove_2,
          serial_shops, nicolae_shop_hallway_stairs, minmay_elf_demonology,
          small_chamber_with_monster, lemuel_upstairs_altar
Elf:2:    nicolae_elf_blades_splatter_lattice [grunt_blade_entry_basic],
          layout_geoelf_octagon, serial_glass, glass_columns_b, glass_columns_b,
          glass_columns_b, glass_columns_b, serial_shops, shop, st_stairs_9,
          minmay_shoptagon
Elf:3:    minmay_elf_hall, layout_onion_city, uniq_roxanne
Vaults:1: nicolae_vaults_taking_the_gang_shopping, v_misc_30,
          nicolae_vaults_whirlpool_walls, nicolae_vaults_wine_cellar,
          nicolae_vaults_frosty_reception,
          nicolae_vaults_variable_pillar_hall_cross,
          nicolae_vaults_closet_pinwheel_2, nicolae_vaults_wrenched,
          vaults_dpeg_diagonal, nicolae_vaults_shelves_hall,
          nicolae_vaults_house_2, layout_vaults_omnicross, serial_shops, shop
Vaults:2: nicolae_vaults_tetromino_Z_1, v_rooms_1, nicolae_vaults_asterisk,
          hangedman_vaults_slice, nicolae_vaults_quadrants,
          nicolae_vaults_big_ls, minmay_crypt_entry_simple_corners, v_misc_4,
          nicolae_vaults_closet_pinwheel_4, dpeg_vaults_monster_row,
          grunt_vaults_hallway_short, nicolae_vaults_trapezoid_lopsided_1,
          ontoclasm_vaults_ligature, layout_vaults_maze
Vaults:3: nicolae_vaults_diamond_2, nicolae_vaults_network_barrier, v_misc_12,
          hangedman_vaults_hat, v_misc_19, v_alt_pattern_1,
          vaults_room_stairs_pillars, nicolae_vaults_mini_display_case,
          nicolae_vaults_closet_pinwheel_4, nicolae_vaults_what_the_h,
          ontoclasm_vaults_decontamination, layout_vaults_chaotic_city
Vaults:4: mu_enter_wizlab_1, hangedman_vaults_snaps,
          nicolae_vaults_closet_pinwheel_5, nicolae_vaults_three_branches,
          nicolae_vaults_closet_pinwheel_1, grunt_vaults_hallway_long,
          nicolae_vaults_trapezoid_3, vaults_room_fancy_cross,
          nicolae_vaults_storage_closets_1, lightli_church_of_beogh,
          nicolae_vaults_little_ls, layout_vaults_omnigrid
Depths:1: layout_cave_pools, lightli_too_deep, nicolae_gozag_seed_capital,
          kennysheep_generic_room_3, uniq_sojobo
Depths:2: box_level_dp, pan_entry, hell_entry, uniq_enchantress, uniq_norris
Depths:3: minmay_the_grid_octo_triangle [minmay_the_grid_octo_checkerflower,
          minmay_the_grid_octo_prize_single_spiral, minmay_the_grid_octo_empty],
          layout_small_grid, abyss_entry_crystal, nzn_wu_jian_contemplation,
          hell_entry
Depths:4: grunt_zot_entry_funnels, layout_cross, pf_vacation_house_of_asmodeus,
          serial_shops, bzr_entry_gold, abyss_entry, kennysheep_doodads,
          pan_entry
Zot:1:    layout_gridlike
Zot:2:    layout_misc_corridors, lemuel_elevator, uniq_grunn
Zot:3:    gammafunk_dig_for_victory, layout_misc_corridors,
          hangedman_zot_decor_checkerboard
Zot:4:    layout_gridlike, basic_altar
Zot:5:    layout_concentric_octagons, lemuel_golem_globe

Skill      XL: |  1  2  3  4  5  6  7  8  9 10 11 12 13 14 15 16 17 18 19 20 21 22 23 24 25 26 27 |
---------------+----------------------------------------------------------------------------------+-----
Maces & Flails | 3 5 7 11 14 | 14.0
Shields        | 4 5 12 15 | 15.0
Fighting       | 4 5 6 8 9 13 14 16 18 19 20 21 23 25 27 | 27.0
Armour         | 4 5 6 8 9 13 17 18 19 | 19.8
Dodging        | 1 4 5 6 7 |  7.8
Invocations    | 9 12 13 14 16 17 19 21 22 25 27 | 27.0
Evocations     | 5 7 8 9 |  9.5
Translocations | 5 6 9 10 | 10.4
Spellcasting   | 1 3 4 6 7 |  7.0
Axes           | 1 13 15 16 | 16.3
Summonings     | 6 9 |  9.0
Earth Magic    | 7 10 | 10.0
Air Magic      | 5 6 7 |  7.0
Throwing       | 2 5 |  5.0

Action                     |  1- 3 |  4- 6 |  7- 9 | 10-12 | 13-15 | 16-18 | 19-21 | 22-24 | 25-27 || total
---------------------------+-------+-------+-------+-------+-------+-------+-------+-------+-------++-------
  Melee: Flail             |   124 |   103 |   248 |   162 |       |       |       |       |       ||   637
         Whip              |       |       |   167 |       |       |       |       |       |       ||   167
         Mace              |       |       |       |   295 |   849 |   296 |       |       |       ||  1440
         Broad axe         |       |       |       |       |       |   585 |  1026 |   691 |  1412 ||  3714
  Throw: Stone             |       |     3 |       |       |       |       |       |       |       ||     3
         Dart              |       |       |       |     1 |       |       |     5 |       |     6 ||    12
   Cast: Animate Armour    |       |       |       |       |       |       |    27 |    27 |    47 ||   101
         Blink             |       |       |       |       |       |       |     1 |       |     9 ||    10
         Manifold Assault  |       |       |       |       |       |       |       |    17 |    29 ||    46
         Lesser Beckoning  |       |       |       |       |       |       |       |       |    15 ||    15
         Vhi's Electric Ch |       |       |       |       |       |       |       |       |    15 ||    15
         Passage of Golubr |       |       |       |       |       |       |       |       |     1 ||     1
 Invoke: Convert to Beogh  |       |     1 |       |       |       |       |       |       |       ||     1
         Recruit Apostle   |       |       |       |     4 |     2 |     3 |     2 |     1 |     1 ||    13
         Recall Apostles   |       |       |       |     5 |    11 |     7 |    11 |     7 |    18 ||    59
         Smiting           |       |       |       |     2 |    19 |    26 |    16 |     6 |    13 ||    82
         Dismiss Apostle   |       |       |       |     1 |     3 |     2 |     2 |     1 |     1 ||    10
         Blood for Blood   |       |       |       |       |     2 |       |     2 |       |     1 ||     5
  Evoke: Wand              |       |     2 |     6 |     5 |     3 |     2 |    21 |     1 |     6 ||    46
         Condenser vane    |       |       |       |       |     1 |       |     2 |     1 |       ||     4
         Lightning rod     |       |       |       |       |       |     4 |       |       |       ||     4
         Phantom mirror    |       |       |       |       |       |       |     2 |       |     1 ||     3
         Sack of spiders   |       |       |       |       |       |       |     1 |       |       ||     1
         Phial of floods   |       |       |       |       |       |       |     1 |       |       ||     1
    Use: Potion            |     1 |     3 |     6 |     2 |     7 |       |     4 |     2 |    21 ||    46
         Scroll            |       |     4 |     8 |     5 |    18 |     1 |     6 |     3 |    30 ||    75
   Stab: Distracted        |       |       |       |     2 |     4 |    33 |    27 |     9 |    16 ||    91
         Paralysed         |       |       |       |       |       |       |       |     1 |       ||     1
 Armour: Scale mail        |    92 |    65 |   222 |   275 |   181 |       |       |       |       ||   835
         Skin              |       |       |    14 |       |       |       |    13 |       |       ||    27
         Chain mail        |       |       |       |       |   240 |   483 |   448 |       |       ||  1171
         Plate armour      |       |       |       |       |       |       |    34 |   314 |   227 ||   575
         Crystal plate arm |       |       |       |       |       |       |    13 |       |       ||    13
         Storm dragon scal |       |       |       |       |       |       |       |       |  1080 ||  1080
  Dodge: Dodged            |    57 |    55 |   141 |   140 |   350 |   527 |   591 |   418 |  1041 ||  3320
  Block: Buckler           |    32 |    16 |    69 |    80 |    84 |       |    55 |   212 |   615 ||  1163
         Kite shield       |       |       |       |       |   303 |   524 |   465 |       |       ||  1292

Table legend: (Time is in decaauts)
 A = Elapsed time spent in this place.
 B = Non-inter-level travel time spent in this place.
 C = Inter-level travel time spent in this place.
 D = Time resting spent in this place.
 E = Time spent auto-exploring this place.
 F = Levels seen in this place.
 G = Mean time per level.
                   A        B        C        D        E       F      G
               +--------+--------+--------+--------+--------+-----+--------+
         Total |  68982 |  60088 |   8894 |   9137 |  30631 |  57 | 1210.2 |
       Dungeon |  17088 |  13707 |   3381 |   1076 |   8843 |  15 | 1139.2 |
          Lair |   7757 |   7018 |    739 |    663 |   4810 |   5 | 1551.4 |
        Shoals |   5183 |   4808 |    375 |   1005 |   2304 |   4 | 1295.8 |
   Spider Nest |   5038 |   4734 |    304 |    872 |   2084 |   4 | 1259.5 |
    Slime Pits |   2308 |   2211 |     97 |    856 |    110 |   5 |  461.6 |
  Orcish Mines |   1883 |   1400 |    483 |      0 |   1026 |   2 |  941.5 |
   Elven Halls |   4781 |   3691 |   1090 |    187 |   2506 |   3 | 1593.7 |
        Vaults |   8997 |   8444 |    553 |   2600 |   3283 |   4 | 2249.2 |
        Depths |   6767 |   5867 |    900 |   1301 |   1965 |   4 | 1691.8 |
           Zot |   7165 |   6197 |    968 |    381 |   3075 |   5 | 1433.0 |
        Bazaar |    224 |    224 |      0 |      0 |    100 |   1 |  224.0 |
         Trove |     87 |     87 |      0 |      0 |     11 |   1 |   87.0 |
       Ossuary |    514 |    514 |      0 |    175 |     17 |   1 |  514.0 |
      Ice Cave |    590 |    590 |      0 |      0 |    278 |   1 |  590.0 |
        Wizlab |     54 |     54 |      0 |      0 |      0 |   1 |   54.0 |
      Gauntlet |    538 |    538 |      0 |     20 |    217 |   1 |  538.0 |
               +--------+--------+--------+--------+--------+-----+--------+

Top non-repeatable levels by time:
Depths:2: 3066 daAuts
Vaults:2: 2654 daAuts
   Zot:5: 2389 daAuts
Vaults:3: 2314 daAuts
Vaults:4: 2078 daAuts
Vaults:1: 1949 daAuts
  Lair:4: 1908 daAuts
   Elf:2: 1890 daAuts
    D:15: 1876 daAuts
    D:10: 1855 daAuts
  Lair:2: 1784 daAuts
Shoals:4: 1782 daAuts
   Elf:3: 1698 daAuts
Spider:4: 1663 daAuts
Shoals:3: 1627 daAuts
